 Dungeon Crawl Stone Soup version 0.32-a0-5-gbffa963729 (webtiles) character file.

Game seed: 1170336106361195088

1446 seren the Ruffian (level 8, 0/61 HPs)
             Began as a White Draconian Shapeshifter on Jan 13, 2024.
             Was an Initiate of Nemelex Xobeh.
             Asphyxiated
             ... on level 6 of the Dungeon.
             The game lasted 00:14:47 (4646 turns).

seren the Ruffian (White Draconian Shapeshifter)    Turns: 4646, Time: 00:14:47

Health: 0/61       AC:  9    Str: 19    XL:     8   Next: 46%
Magic:  9/9        EV: 17    Int: 11    God:    Nemelex Xobeh [......]
Gold:   221        SH:  0    Dex: 10    Spells: 7/7 levels left

rFire   . .          .
                       - Unarmed
rCold   + . .        (shield currently unavailable)
rNeg    . . .        (body armour unavailable)
rPois   .            (helmet restricted)
rElec   .            (no cloak)
rCorr   .            l - +2 pair of gloves
SInv    .            (no boots)
Will    .....        (no amulet)
Stlth   +            j - ring of fire
HPRegen 0.30/turn    o - ring of ice
MPRegen 0.11/turn

%: no passive effects
@: lethally poisoned (0 -> -29), flux-form, slowed, glowing, very slow
A: glow, contaminating, reduced hp, breathe frost, AC +6, unfitting armour, cold
resistance 1, cold-blooded
a: Breathe Frost, Begin Untransformation, Renounce Religion, Draw Escape, Draw
Destruction, Draw Summoning


You were on level 6 of the Dungeon.
You worshipped Nemelex Xobeh.
Nemelex Xobeh was noncommittal.
You were something dangerously unstable.
You visited 2 branches of the dungeon, and saw 7 of its levels.

You collected 221 gold pieces.

Inventory:

Missiles
 q - 5 poisoned darts (quivered)
 z - a throwing net
Armour
 d - a +1 kite shield of cold resistance
 l - a +2 pair of gloves (worn)
Jewellery
 j - a ring of fire (left hand)
 o - a ring of ice (right hand)
Talismans
 b - a beast talisman
 c - a flux talisman (active)
 t - a storm talisman
Scrolls
 a - a scroll of fear {unknown}
 e - a scroll of enchant armour {unknown}
 f - a scroll of acquirement {unknown}
 g - a scroll of brand weapon {unknown}
 h - a scroll of revelation {unknown}
 i - 2 scrolls of teleportation {!r}
 n - a scroll of poison {unknown}
 r - 2 scrolls of immolation {unknown}
 s - a scroll of silence {unknown}
 v - 2 scrolls of blinking {unknown}
 y - a scroll of amnesia {unknown}
Potions
 k - a potion of curing
 m - 2 potions of might
 p - a potion of mutation {!q}
 u - a potion of heal wounds
 x - a potion of lignification


   Skills:
 + Level 4.4 Fighting
 + Level 4.1 Dodging
 * Level 6.6 Unarmed Combat
 + Level 1.4 Invocations
 + Level 1.3 Evocations
 * Level 6.2 Shapeshifting


You had 7 spell levels left.
You didn't know any spells.
Your spell library contained the following spells:

 Spells                   Type           Power      Damage    Failure   Level
 Apportation              Tloc           0%         N/A       34%         1
 Slow                     Hex            0%         N/A       34%         1
 Sting                    Conj/Alch      0%         1d3       34%         1
 Blink                    Tloc           0%         N/A       47%         2
 Cigotuvi's Dreadful Rot  Necr/Alch/Air  0%         N/A       47%         2
 Lesser Beckoning         Tloc           0%         N/A       47%         2
 Mercury Vapours          Alch/Air       0%         N/A       47%         2
 Momentum Strike          Conj/Tloc      0%         3d8       47%         2
 Sublimation of Blood     Necr           0%         N/A       47%         2
 Confusing Touch          Hex            0%         N/A       71%         3
 Hailstorm                Conj/Ice       0%         3d5       71%         3
 Sigil of Binding         Hex            0%         N/A       71%         3
 Summon Ice Beast         Ice/Summ       0%         N/A       71%         3
 Vampiric Draining        Necr           0%         2d6       71%         3
 Ignite Poison            Fire/Alch      0%         N/A       98%         4
 Olgreb's Toxic Radiance  Alch           0%         N/A       98%         4
 Petrify                  Alch/Erth      0%         N/A       98%         4
 Freezing Cloud           Conj/Ice/Air   0%         6-21      100%        5
 Irradiate                Conj/Alch      0%         3d11      100%        5
 Summon Mana Viper        Hex/Summ       0%         N/A       100%        5
 Sculpt Simulacrum        Ice/Alch       0%         N/A       100%        6
 Summon Cactus Giant      Summ           0%         N/A       100%        6
 Summon Hydra             Summ           0%         N/A       100%        7


Dungeon Overview and Level Annotations

Branches:
Dungeon (6/15)             Temple (1/1) D:5

Altars:
Cheibriados
Dithmenos
Fedhas
Kikubaaqudgha
Nemelex Xobeh
Okawaru
Sif Muna
Trog
Uskayaw
Vehumet

Annotations:
D:5 2 head ogre


Innate Abilities, Weirdness & Mutations

You are something dangerously unstable.
You glow with magical radiation, making you easy to see and hit.
Foes you strike become dangerously contaminated with magical radiation.
Your maximum health is decreased, since you lack skill for your form.
You are incapable of wielding weapons or throwing items.
You can breathe waves of freezing cold which knock back foes.
Your icy white scales are hard. (AC +6)
You cannot fit into any form of body armour.
Your flesh is cold resistant. (rC+)
You are cold-blooded and may be slowed by cold attacks.


Message History

You are poisoned.
You have difficulty breathing.
* * * LOW HITPOINT WARNING * * *
You feel yourself slow down.
The centaur shoots an arrow.
The arrow completely misses you.
You feel very sick.
The centaur shoots an arrow.
The arrow barely misses you.
The centaur throws a curare-tipped dart.
The curare-tipped dart hits you.
You are more poisoned.
You have difficulty breathing.
* * * LOW HITPOINT WARNING * * *
You feel as though you will be slow longer.
You feel better.
The centaur shoots an arrow.
The arrow hits you.
* * * LOW HITPOINT WARNING * * *
The centaur throws a curare-tipped dart.
The curare-tipped dart hits you.
You are poisoned.
You have difficulty breathing.
* * * LOW HITPOINT WARNING * * *
You feel as though you will be slow longer.
Press: ? - help, v - describe, . - travel
Here: a centaur, wielding a +0 shortbow and quivering curare-tipped darts The floor.
Aiming: Corrosive Bolt
Press: ? - help, Shift-Dir - straight line, f - centaur
Aim: a centaur, wielding a +0 shortbow and quivering curare-tipped darts (83% to hit)
The bolt of acid hits the centaur!
The acid corrodes the centaur!
The centaur is heavily wounded.
The now-empty wand crumbles to dust.
* * * LOW HITPOINT WARNING * * *
You feel extremely sick.
The centaur shoots an arrow.
The arrow hits you!
* * * LOW HITPOINT WARNING * * *
The centaur throws a curare-tipped dart.
The curare-tipped dart hits you.
You are more poisoned.
You have difficulty breathing.
You die...
Your body disappears without additional glow.

.......#
#........
.......#
##........
#....### #
#.......#
#....# ...
#.......#
'....+...$
#.......#
#.........
#..c....##
#..≈≈≈≈≈≈≈
#.<......#
.#.≈......
##.....#.#
.+.≈.♣♣♣.♣
#p.......
.#.≈.♣ ♣
#........
.#.≈.♣ ♣.≈
#........
...≈.♣
♣.≈..##........
##.≈.♣
#..........
#.≈..
#..........
#..........
#.........#
#........##


You could see a centaur (corroded).

Vanquished Creatures
  A water moccasin (D:5)
  2 ice beasts
  A phantom (D:4)
  2 bullfrogs
  2 scorpions
  3 jellies
  4 bombardier beetles
  3 hounds
  2 orc priests
  3 orc wizards
  2 sleepcaps (D:5)
  4 iguanas
  4 gnolls (D:3)
  9 adders
  A river rat (D:5)
  2 ufetubi (D:6)
  2 dart slugs (D:1)
  3 ribbon worms (D:5)
  5 orcs
  6 bats
  9 endoplasms
  3 giant cockroaches (D:1)
  9 goblins
  2 hobgoblins
  4 jackals (D:1)
  2 kobolds
  7 quokkas
  6 ball pythons
  3 frilled lizards
  4 rats
110 creatures vanquished.

Notes
Turn   | Place    | Note
-------+----------+-------------------------------------------
     0 | D:1      | seren the Draconian Shapeshifter began the quest for the
                  | Orb.
     0 | D:1      | Reached XP level 1. HP: 16/16 MP: 1/1
   126 | D:1      | Reached XP level 2. HP: 22/23 MP: 2/2
   473 | D:1      | Reached XP level 3. HP: 29/29 MP: 3/3
   747 | D:2      | Reached XP level 4. HP: 28/36 MP: 4/4
   905 | D:2      | Found a faded altar of an unknown god.
  1745 | D:3      | Noticed a scorpion
  1753 | D:3      | Killed a scorpion
  1754 | D:3      | Reached XP level 5. HP: 41/42 MP: 5/5
  2188 | D:4      | Reached XP level 6. HP: 15/50 MP: 6/6
  2200 | D:4      | Got Mnoleg's Catalogue of Phantasms
  2532 | D:4      | Reached skill level 5 in Unarmed Combat
  2909 | D:4      | Your scales start taking on an icy white colour.
  2909 | D:4      | Reached XP level 7. HP: 54/57 MP: 7/7
  2909 | D:4      | Gained mutation: Your flesh is cold resistant. (rC+) [White
                  | Draconian growth]
  3103 | D:5      | Entered Level 5 of the Dungeon
  3103 | D:5      | Found a staircase to the Ecumenical Temple.
  3118 | D:5      | Reached skill level 5 in Shapeshifting
  3125 | Temple   | Entered the Ecumenical Temple
  3140 | Temple   | Became a worshipper of Nemelex Xobeh the Trickster
  3172 | D:4      | HP: 2/57 [acid (4)]
  3455 | D:5      | Found a shadowy altar of Dithmenos.
  3739 | D:5      | Found a glowing drain.
  4039 | D:5      | Reached XP level 8. HP: 63/66 MP: 8/8
  4220 | D:5      | You fall into a shaft and drop 1 floor!
  4220 | D:6      | Found a radiant altar of Vehumet.
  4226 | D:6      | Found an ancient bone altar of Kikubaaqudgha.
  4227 | D:6      | Found a shimmering blue altar of Sif Muna.
  4232 | D:6      | Got Sif Muna's Folio of Space
  4249 | D:6      | Reached skill level 1 in Invocations
  4249 | D:6      | Reached skill level 1 in Evocations
  4583 | D:5      | Noticed a two-headed ogre
  4646 | D:6      | Asphyxiated

Illustrated notes

Levels and vault maps discovered:
D:1:      onia_arrival_pyramid, layout_loops_cross
D:2:      layout_basic, chequers_ecumenical_altar_simple_redux
D:3:      layout_loops_ring, minivault_14
D:4:      layout_basic, chequers_jeans, kennysheep_flooded_box,
          minmay_a_box_with_orc_wizards_in_it
D:5:      cheibrodos_fzero, layout_gridville, mainiacjoe_overflow_alcove_1,
          overflow_temple_1_default, minmay_temple_entry_proselytizer,
          lightli_sewer_entry_pipes
D:6:      layout_gridville, grunt_temple_overflow_magic_moments,
          mainiacjoe_overflow_brackets, st_stairs_7,
          kennysheep_decorative_pillar, nrook_loot_triangle
Temple:   hellmonk_temple_two_chambers

Skill      XL: |  1  2  3  4  5  6  7  8 |
---------------+-------------------------+-----
Dodging        | 2 3 4 |  4.1
Fighting       | 2 3 4 |  4.4
Unarmed Combat | 4 5 6 |  6.6
Shapeshifting  | 4 5 6 |  6.2
Invocations    | 1 |  1.4
Evocations     | 1 |  1.3

Action                     |  1- 3 |  4- 6 |  7- 9 || total
---------------------------+-------+-------+-------++-------
  Melee: Unarmed           |    99 |   143 |   176 ||   418
         Tailslap          |    13 |    18 |    25 ||    56
         Punch             |     1 |     7 |     3 ||    11
Ability: Begin Untransform |       |     1 |     1 ||     2
         Breathe Frost     |       |       |     2 ||     2
  Evoke: Wand              |       |       |     1 ||     1
    Use: Scroll            |       |     3 |     2 ||     5
         Potion            |       |       |     2 ||     2
 Armour: Skin              |    39 |    67 |    93 ||   199
  Dodge: Dodged            |    61 |    64 |   121 ||   246
   Form: Beast             |       |     1 |       ||     1
         Flux              |       |       |     1 ||     1

Table legend: (Time is in decaauts)
 A = Elapsed time spent in this place.
 B = Non-inter-level travel time spent in this place.
 C = Inter-level travel time spent in this place.
 D = Time resting spent in this place.
 E = Time spent auto-exploring this place.
 F = Levels seen in this place.
 G = Mean time per level.
                   A        B        C        D        E       F      G
               +--------+--------+--------+--------+--------+-----+--------+
         Total |   4658 |   4380 |    278 |    749 |   2036 |   7 |  665.4 |
       Dungeon |   4631 |   4353 |    278 |    749 |   2036 |   6 |  771.8 |
        Temple |     26 |     26 |      0 |      0 |      0 |   1 |   26.0 |
               +--------+--------+--------+--------+--------+-----+--------+

Top non-repeatable levels by time:
     D:4: 1374 daAuts
     D:5: 931 daAuts
     D:3: 810 daAuts
     D:2: 622 daAuts
     D:1: 617 daAuts
     D:6: 276 daAuts
  Temple: 26 daAuts
